 Dungeon Crawl Stone Soup version 0.21.1-1-g345015fe64 (webtiles) character file.

335 Ivernyr the Covered (level 6, -3/47 HPs)
             Began as a Human Skald on May 1, 2018.
             Killed by divine providence
             ... invoked by an orc priest
              (13 damage)
             ... on level 4 of the Dungeon.
             The game lasted 00:09:23 (4737 turns).

Ivernyr the Covered (Human Skald)                   Turns: 4737, Time: 00:09:24

Health: -3/47      AC:  3    Str: 11    XL:     6   Next: 84%
Magic:  6/9        EV: 12    Int: 14    God:
Gold:   249        SH:  0    Dex: 14    Spells: 4/9 levels left

rFire    . . .     SeeInvis .   a - +0 falchion
rCold    . . .     Gourm    .   (no shield)
rNeg     . . .     Faith    .   b - +0 leather armour
rPois    .         Spirit   .   (no helmet)
rElec    .         Reflect  .   (no cloak)
rCorr    .         Harm     .   (no gloves)
MR       .....                  (no boots)
Stlth    ++........             (no amulet)
HPRegen  0.15/turn              i - ring of stealth
MPRegen  0.11/turn              (no ring)

@: shrouded
A: no striking features
a: no special abilities


You were on level 4 of the Dungeon.
You were near starving.

You visited 1 branch of the dungeon, and saw 4 of its levels.

You collected 249 gold pieces.

Inventory:

Hand Weapons
 a - a +0 falchion (weapon)
Armour
 b - a +0 leather armour (worn)
Jewellery
 i - a ring of stealth (left hand)
Scrolls
 e - 2 scrolls of identify {unknown}
 f - a scroll of blinking {unknown}
 g - 2 scrolls of teleportation {unknown}
 h - a scroll of amnesia {unknown}
 j - a scroll of noise {unknown}
Books
 c - a book of Battle

   Spells                             Type                      Level
   a - Infusion                       Charms                       1
   b - Shroud of Golubria             Charms/Translocation         2
   c - Song of Slaying                Charms                       2
   d - Spectral Weapon                Hexes/Charms                 3
   e - Regeneration                   Charms/Necromancy            3
Comestibles
 d - 6 rations


   Skills:
 + Level 3.4 Fighting
 + Level 3.3 Long Blades
 * Level 4.1 Armour
 - Level 2.0 Dodging
 - Level 2.0 Spellcasting
 + Level 4.1 Charms


You had 4 spell levels left.
You knew the following spells:

 Your Spells              Type           Power        Failure   Level  Hunger
a - Shroud of Golubria    Chrm/Tloc      #.........   21%         2    ###....
b - Song of Slaying       Chrm           ##......     9%          2    ###....
c - Infusion              Chrm           ##..         5%          1    ##.....


Dungeon Overview and Level Annotations

Branches:
Dungeon (4/15)
 Temple: D:4-7

Altars:
Dithmenos
Elyvilon
Hepliaklqana
Okawaru
Qazlal
Sif Muna


Message History

You hit the orc priest but do no damage.
The orc priest is moderately wounded.
The orc priest hits you with a dagger.
* * * LOW HITPOINT WARNING * * *
You closely miss the orc priest.
The orc priest is moderately wounded.
The orc priest hits you but does no damage.
Casting: Shroud of Golubria
Confirm with . or Enter, or press ? or * to list all spells.
Space distorts slightly along a thin shroud covering your body.
Your shroud bends the orc priest's attack away.
You hit the orc priest but do no damage.
The orc priest is moderately wounded.
The orc priest barely misses you.
You riposte.
You hit the orc priest.
The orc priest is heavily wounded.
You barely miss the orc priest.
The orc priest is heavily wounded.
The orc priest calls down the wrath of Beogh upon you.
Beogh smites you!
You die...

####### .....
#wo@..# ....
#o###.# ..o.
#.# #.# #o.#
#o# #.######
###..#
#.###.#....#
..o.#
#o#...#.##.#
#.w###
#.#.###.##.#
#....# #[#.#
#<##.#
###.#.####w#.#
####.#


You could see a worm, an orc priest and an orc.

Vanquished Creatures
  Sigmund (D:3)
  Jessica (D:2)
  A worker ant (D:3)
  4 gnolls (D:2)
  An adder (D:2)
  An ooze (D:1)
  A worm (D:2)
  2 leopard geckos
  An orc (D:4)
  3 giant cockroaches
  8 goblins
  9 hobgoblins
  7 jackals
  11 kobolds
  4 quokkas
  A ball python (D:2)
  4 bats
  6 rats
66 creatures vanquished.

Notes
Turn   | Place    | Note
-------+----------+-------------------------------------------
     0 | D:1      | Ivernyr the Human Skald began the quest for the Orb.
     0 | D:1      | Reached XP level 1. HP: 16/16 MP: 3/3
   175 | D:1      | Reached XP level 2. HP: 19/22 MP: 5/5
   233 | D:1      | Learned a level 2 spell: Song of Slaying
   236 | D:1      | Learned a level 2 spell: Shroud of Golubria
   598 | D:1      | Reached XP level 3. HP: 18/27 MP: 6/6
  1150 | D:2      | Found an iron altar of Okawaru.
  1358 | D:2      | Reached XP level 4. HP: 34/34 MP: 4/7
  2249 | D:2      | Noticed Jessica
  2271 | D:2      | Killed Jessica
  2271 | D:2      | Reached XP level 5. HP: 32/40 MP: 1/8
  2655 | D:3      | Found a shadowy altar of Dithmenos.
  2666 | D:3      | Found a stormy altar of Qazlal.
  2781 | D:3      | Found a hazy altar of Hepliaklqana.
  2838 | D:3      | Found a white marble altar of Elyvilon.
  2897 | D:3      | Noticed Sigmund
  4192 | D:3      | Killed Sigmund
  4192 | D:3      | Reached XP level 6. HP: 16/47 MP: 3/9
  4582 | D:3      | Found a deep blue altar of Sif Muna.
  4737 | D:4      | Killed from afar by an orc priest

Skill      XL: |  1  2  3  4  5 |
---------------+----------------+-----
Armour         | 2 4 |  4.1
Fighting       | 3 |  3.4
Long Blades    | 3 |  3.3
Charms         | 4 |  4.1
Dodging        | |  2.0
Spellcasting   | |  2.0

Action                   |  1- 3 |  4- 6 || total
-------------------------+-------+-------++-------
Melee: Falchion          |    80 |   201 ||   281
 Cast: Shroud of Golubri |     3 |    24 ||    27
       Song of Slaying   |       |     2 ||     2
  Use: Potion            |       |     1 ||     1
 Stab: Sleeping          |       |     2 ||     2
  Eat: Chunk             |     2 |     8 ||    10
       Ration            |       |     1 ||     1
Armor: Leather armour    |    21 |    42 ||    63
Dodge: Dodged            |    45 |   133 ||   178
       Rpst.: Falchion   |    16 |    42 ||    58
